 Dungeon Crawl Stone Soup version 0.31-a0-516-gfcb59812bd (webtiles) character file.

Game seed: 15697331040724076014

63 Conn the Firebug (level 4, 0/27 HPs)
             Began as an Octopode Fire Elementalist on Aug 10, 2023.
             Slain by a cerulean imp
             ... wielding a +1 spear
             ... summoned by Natasha
              (5 damage)
             ... on level 2 of the Dungeon.
             The game lasted 00:03:32 (1711 turns).

Conn the Firebug (Octopode Fire Elementalist)       Turns: 1711, Time: 00:03:34

Health: 0/27       AC:  1    Str:  7    XL:     4   Next: 10%
Magic:  0/8        EV: 13    Int: 19    God:
Gold:   51         SH:  0    Dex: 12    Spells: 5/8 levels left

rFire   . . .        b - +0 dagger
rCold   + . .        (no shield)
rNeg    . . .        (helmet restricted)
rPois   .            (no amulet)
rElec   .            l - ring of protection from cold
rCorr   .            (no ring)
SInv    .            (no ring)
Will    .....        (no ring)
Stlth   +++          (no ring)
HPRegen 0.24/turn    (no ring)
MPRegen 0.11/turn    (no ring)
                     (no ring)

%: no passive effects
@: brilliant, slowed, very slow
A: almost no armour, amphibious, 8 rings, camouflage 1, gelatinous body 1,
(nimble swimmer 1), tentacles
a: no special abilities


You were on level 2 of the Dungeon.
You visited 1 branch of the dungeon, and saw 2 of its levels.

You collected 51 gold pieces.

Inventory:

Hand Weapons
 b - a +0 dagger (weapon)
Jewellery
 l - a ring of protection from cold (left tentacle)
Scrolls
 c - a scroll of identify {unknown}
 d - a scroll of vulnerability {unknown}
 g - a scroll of teleportation {unknown}
 h - 3 scrolls of enchant weapon {unknown}
 i - a scroll of fog {unknown}
 k - a scroll of amnesia {unknown}
Potions
 a - a potion of magic
 j - a potion of enlightenment {unknown}


   Skills:
 + Level 0.1 Fighting
 + Level 0.1 Short Blades
 + Level 2.3 Dodging
 + Level 3.1 Stealth
 + Level 2.6 Spellcasting
 + Level 1.5 Conjurations
 + Level 3.7 Fire Magic


You had 5 spell levels left.
You knew the following spells:

 Your Spells              Type           Power      Damage    Failure   Level
a - Foxfire               Conj/Fire      72%        2x1d7     5%          1
b - Scorch                Fire           50%        2d7       5%          2

Your spell library contained the following spells:

 Spells                   Type           Power      Damage    Failure   Level
 Apportation              Tloc           6%         N/A       16%         1
 Necrotise                Necr           12%        1d4       16%         1
 Summon Small Mammal      Summ           12%        N/A       16%         1
 Inner Flame              Hex/Fire       14%        N/A       22%         3
 Volatile Blastmotes      Fire/Tloc      28%        2d12      22%         3
 Flame Wave               Conj/Fire      18%        2d7       47%         4
 Animate Dead             Necr           3%         N/A       83%         4
 Borgnjor's Vile Clutch   Necr/Erth      1%         N/A       99%         5
 Death Channel            Necr           1%         N/A       100%        6


Dungeon Overview and Level Annotations

Branches:
Dungeon (2/15)

Altars:

Annotations:
D:2 Natasha


Innate Abilities, Weirdness & Mutations

You cannot wear most types of armour.
You are amphibious.
You can wear up to eight rings at the same time.
Your skin changes colour to match your surroundings (Stealth+).
Your rubbery body absorbs attacks. (AC +1, EV +1)
((You are camouflaged when in or above water. (Stealth+)))
You have tentacles for arms and can constrict up to eight enemies at once.


Message History

Casting: Scorch (safe; 5% risk of failure)
Confirm with . or Enter, or press ? or * to list all spells.
Flames lash the cerulean imp.
The cerulean imp is heavily wounded.
The cerulean imp's fire resistance burns away.
Natasha claws you! The cerulean imp barely misses you.
The cerulean imp hits you with a +1 spear.
* * * LOW HITPOINT WARNING * * *
Okay, then.
Press: ? - help, v - describe, . - travel
Here: a cerulean imp, wielding a +1 spear (heavily wounded, summoned, more vulnerable to fire)
The floor.
Unknown command.
Unknown command.
Unknown command.
Okay, then.
Okay, then.
Unknown command.
Unknown command.
Casting: Scorch (safe; 5% risk of failure)
Confirm with . or Enter, or press ? or * to list all spells.
Flames lash the cerulean imp.
The cerulean imp is burned terribly!
You kill the cerulean imp!
The cerulean imp disappears in a puff of smoke!
Natasha stares at you and mumbles some strange words.
You feel yourself slow down. The cerulean imp barely misses you.
It was a potion of curing.
You feel better.
The cerulean imp is no longer more vulnerable to fire.
Natasha stares at you and mumbles some strange words.
The magic dart hits you!
The cerulean imp hits you with a +1 spear.
* * * LOW HITPOINT WARNING * * *
Okay, then.
It was a potion of brilliance.
You feel clever all of a sudden.
Natasha is no longer more vulnerable to fire.
Natasha barely misses you. The cerulean imp barely misses you.
Natasha misses you.
The cerulean imp hits you with a +1 spear.
You die...

#....## .#
#.....#.####.###
#....##..# #######.#....#
#
#.......######.....#.####
. #....###....##.#####.#
.# ##..## #....##.#####.#
.#######.##
#....##.##....#
.##......#
#....'..##.####
.#......## #..5.#####.#
........# #.h@.# #.#
..#.....# #ยง...# #.#
..#.....# ####.#####.#
###.....### #.#<....# #
###.....# #.#######
#####.###.# #.. ......#
#.# #.. ####### #.# .#. #
#.#


You could see Natasha and a cerulean imp (summoned).

Vanquished Creatures
  2 adders (D:2)
  A worm (D:2)
  A dart slug (D:1)
  3 endoplasms
  2 giant cockroaches (D:2)
  3 goblins
  2 hobgoblins
  2 jackals (D:1)
  2 quokkas (D:1)
  4 ball pythons
  5 bats
  4 frilled lizards
  7 kobolds
  3 rats (D:1)
41 creatures vanquished.

Vanquished Creatures (others)
  98 foxfires
98 creatures vanquished.

Grand Total: 139 creatures vanquished

Notes
Turn   | Place    | Note
-------+----------+-------------------------------------------
     0 | D:1      | Conn the Octopode Fire Elementalist began the quest for the
                  | Orb.
     0 | D:1      | Reached XP level 1. HP: 11/11 MP: 3/3
    32 | D:1      | Noticed an eye of devastation
   125 | D:1      | Reached XP level 2. HP: 15/17 MP: 0/5
   128 | D:1      | Found a faded altar of an unknown god.
   211 | D:1      | Noticed a great orb of eyes
   211 | D:1      | Noticed a floating eye
   211 | D:1      | Noticed a floating eye
   666 | D:1      | Learned a level 2 spell: Scorch
   862 | D:1      | Reached XP level 3. HP: 21/21 MP: 3/6
  1440 | D:2      | Reached XP level 4. HP: 27/27 MP: 4/7
  1702 | D:2      | Noticed Natasha
  1711 | D:2      | Slain by a cerulean imp

Illustrated notes

Levels and vault maps discovered:
D:1:      spicycebolla_arrival_xxxplode, layout_rooms,
          hellmonk_ecumenical_altar_watching_god, nicolae_twisty_statue_hallways
D:2:      layout_basic, nrook_loot_triangle, grunt_decor_resistance,
          st_stairs_2, uniq_natasha

Skill      XL: |  1  2  3 |
---------------+----------+-----
Stealth        | 3 |  3.1
Fighting       | |  0.1
Short Blades   | |  0.1
Dodging        | |  2.3
Spellcasting   | |  2.6
Conjurations   | |  1.5
Fire Magic     | |  3.7

Action                     |  1- 3 |  4- 6 || total
---------------------------+-------+-------++-------
  Melee: Unarmed           |     8 |       ||     8
         Constrict         |     5 |     2 ||     7
         Tentacles         |     2 |     4 ||     6
         Dagger            |     7 |     9 ||    16
   Cast: Foxfire           |    58 |     2 ||    60
         Scorch            |       |     4 ||     4
    Use: Potion            |       |     2 ||     2
 Armour: Skin              |     1 |     1 ||     2
  Dodge: Dodged            |    11 |    11 ||    22

Table legend: (Time is in decaauts)
 A = Elapsed time spent in this place.
 B = Non-inter-level travel time spent in this place.
 C = Inter-level travel time spent in this place.
 D = Time resting spent in this place.
 E = Time spent auto-exploring this place.
 F = Levels seen in this place.
 G = Mean time per level.
                   A        B        C        D        E       F      G
               +--------+--------+--------+--------+--------+-----+--------+
         Total |   1710 |   1700 |     10 |      0 |   1314 |   2 |  855.0 |
       Dungeon |   1710 |   1700 |     10 |      0 |   1314 |   2 |  855.0 |
               +--------+--------+--------+--------+--------+-----+--------+

Top non-repeatable levels by time:
     D:1: 914 daAuts
     D:2: 795 daAuts
